 Dungeon Crawl Stone Soup version 0.14-a0-770-g009d3a2 (webtiles) character file.

73 LostMyPasswordAgain the Vexing (level 3, 0/25 HPs)
             Began as a Formicid Arcane Marksman on Nov 9, 2013.
             Succumbed to an adder's poison
             ... on Level 2 of the Dungeon.
             The game lasted 00:08:18 (1773 turns).

LostMyPasswordAgain the Vexing (FoAM)               Turns: 1773, Time: 00:08:19

HP   0/25        AC  4     Str 20      XL: 3   Next: 70%
MP   4/4         EV 12     Int 13      God:
Gold 34          SH  0     Dex 10      Spells:  2 memorised,  3 levels left

Res.Fire  : . . .   See Invis. : .   b - +0,+1 dwarf short sword
Res.Cold  : . . .   Warding    : .   a - +0 robe
Life Prot.: . . .   Conserve   : .   (no shield)
Res.Poison: x       Res.Corr.  : .   (helmet restricted)
Res.Elec. : .       Clarity    : .   o - +0 dwarf cloak
Sust.Abil.: . .     Spirit.Shd : .   (no gloves)
Res.Mut.  : .       Stasis     : +   (no boots)
Res.Rott. : .       Flight     : .   (no amulet)
Saprovore : . . .                    (no ring)
                                     (no ring)

@: mighty, mildly poisoned, slightly resistant to hostile enchantments,
unstealthy
A: permanent stasis, dig shafts and tunnels, four strong arms, poison weakness,
antennae 1, exoskeleton 1
a: Dig, Shaft Self


You were on level 2 of the Dungeon.
You were not hungry.

You visited 1 branch of the dungeon, and saw 2 of its levels.

You collected 34 gold pieces.

Inventory:

Hand weapons
 b - a +0,+1 dwarven short sword (weapon)
 g - a +0,+0 club
Missiles
 c - a throwing net [frayed]
 j - 4 large rocks (quivered)
 r - a throwing net
Armour
 a - a +0 robe (worn)
 o - a +0 dwarven cloak (worn)
Comestibles
 f - 3 bread rations
Scrolls
 h - a scroll of amnesia {unknown}
 k - a scroll of identify {unknown}
 l - a scroll of curse armour {unknown}
 p - a scroll of teleportation {unknown}
Jewellery
 m - an uncursed amulet of stasis {unknown}
Potions
 n - a potion of restore abilities {unknown}
Books
 d - a book of Debilitation

   Spells                             Type                      Level
   *Corona                            Hexes                        1
   *Slow                              Hexes                        2
   Inner Flame                        Hexes/Fire                   3
   Enslavement                        Hexes                        4
   Cause Fear                         Hexes                        4
   Leda's Liquefaction                Hexes/Earth                  4


   Skills:
 - Level 1.0 Fighting
 * Level 2.5 Throwing
 - Level 1.7 Dodging
 - Level 2.0 Spellcasting
 + Level 4.4 Hexes


You had 3 spell levels left.
You knew the following spells:

 Your Spells              Type           Power        Failure   Level  Hunger
a - Slow                  Hex            ##......     10%         2    ###....
A - Corona                Hex            ##.....      6%          1    ##.....


Dungeon Overview and Level Annotations

Branches:
Dungeon (2/27)

Altars:


Innate Abilities, Weirdness & Mutations

Your are under a permanent stasis effect.
You can dig through walls and to a lower floor.
Your four strong arms can wield any weapon, most with a shield.
You are susceptible to poison.
You have a pair of small antennae on your head.
Your body is surrounded by an exoskeleton. (HP +5, AC +1)


Message History

You feel sick.
You start resting.
* * * LOW HITPOINT WARNING * * *
You feel sick.
You start resting.
* * * LOW HITPOINT WARNING * * *
You feel sick.
You feel a little better.
You start resting.
Magic restored.
You start resting.
* * * LOW HITPOINT WARNING * * *
You feel sick.
You start resting.
* * * LOW HITPOINT WARNING * * *
You feel sick.
Drink which item? (? for menu, Esc to quit)
You feel very mighty all of a sudden.
It was a potion of might.
You die...

#.# #.# ... #.#
. #.# .#
#.###..#
#......# #.# .#
#@###.##.#.
####<..........
#........#..#.
.....######.#
.... .. >## ...
.## #


There were no monsters in sight!

Vanquished Creatures
  An adder (D:2)
  A giant mite (D:2)
  A giant gecko (D:2)
  An ooze (D:1)
  A giant cockroach (D:1)
  2 goblins (D:1)
  4 hobgoblins (D:1)
  3 bats (D:1)
  2 giant newts (D:1)
  5 kobolds (D:1)
  6 rats (D:1)
27 creatures vanquished.

Notes
Turn   | Place    | Note
--------------------------------------------------------------
     0 | D:1      | LostMyPasswordAgain, the Formicid Arcane Marksman, began the quest for the Orb.
     0 | D:1      | Reached XP level 1. HP: 17/17 MP: 1/1
   536 | D:1      | Reached skill level 4 in Hexes
   536 | D:1      | Reached XP level 2. HP: 16/21 MP: 3/3
   941 | D:1      | Learned a level 2 spell: Slow
  1427 | D:1      | Reached XP level 3. HP: 21/25 MP: 4/4
  1772 | D:2      | HP: 1/25 [poisoned by an adder]
  1773 | D:2      | Succumbed to an adder's poison

Action                   || total
-------------------------++-------
Melee: Unarmed           ||    50
       Short sword       ||    73
Throw: Large rock        ||     8
       Throwing net      ||     2
 Cast: Corona            ||     1
       Slow              ||     6
  Use: Potion            ||     1
